 Dungeon Crawl Stone Soup version 0.19.0 (webtiles) character file.

115 Kullungy the Shield-Bearer (level 5, -3/33 HPs)
             Began as a Gargoyle Fighter on Nov 1, 2016.
             Slain by a gnoll
             ... wielding a +0 halberd
              (4 damage)
             ... on level 3 of the Dungeon.
             The game lasted 00:09:43 (1860 turns).

Kullungy the Shield-Bearer (Gargoyle Fighter)       Turns: 1860, Time: 00:09:44

Health: -3/33      AC: 13    Str: 25    XL:     5   Next: 0%
Magic:  5/5        EV:  6    Int:  9    God:
Gold:   148        SH: 10    Dex:  9    Spells: 0 memorised, 4 levels left

rFire  . . .     SeeInvis .     I - +0 flail
rCold  . . .     Gourm    .     L - +0 chain mail
rNeg   + . .     Faith    .     c - +0 shield
rPois  ∞         Spirit   .     (no helmet)
rElec  +         Reflect  .     (no cloak)
rCorr  .         Harm     .     (no gloves)
MR     .....                    (no boots)
Stlth  ..........               (no amulet)
                                (no ring)
                                (no ring)

@: mighty
A: negative energy resistance 1, electricity resistance, unbreathing,
petrification resistance, rot immunity, AC +4
a: no special abilities


You were on level 3 of the Dungeon.
You were full.

You visited 1 branch of the dungeon, and saw 3 of its levels.

You collected 148 gold pieces.

Inventory:

Hand Weapons
 a - a +0 flail
 g - a +0 club
 h - a +0 whip
 l - a +0 club
 n - a cursed -1 club
 u - a +0 whip
 w - a +0 dagger
 x - a +0 spear
 y - a +0 short sword
 A - a +0 club
 E - a +0 club
 F - a +0 club
 I - a +0 flail (weapon)
 J - a +0 mace
 K - a +0 short sword
Missiles
 j - 54 arrows
 m - 173 stones (quivered)
 r - 22 sling bullets
 s - 10 poisoned needles
 t - 2 tomahawks
Armour
 b - a +0 scale mail
 c - a +0 shield (worn)
 e - a +0 leather armour
 k - a cursed +0 leather armour
 o - a +0 robe
 q - a +0 ring mail
 z - a +0 robe
 B - a +0 chain mail
 C - a cursed +0 ring mail
 G - a +0 leather armour
 L - a +0 chain mail (worn)
Scrolls
 i - a scroll of identify
 H - a scroll of teleportation
Comestibles
 p - 2 meat rations
 D - 4 fruits
 M - 4 chunks of flesh


   Skills:
 + Level 3.7 Fighting
 + Level 3.1 Maces & Flails
 + Level 4.1 Armour
 + Level 0.5 Dodging
 + Level 4.1 Shields


You had 4 spell levels left.
You didn't know any spells.

Dungeon Overview and Level Annotations

Branches:
Dungeon (3/15)

Altars:
Vehumet
Yredelemnul


Innate Abilities, Weirdness & Mutations

You are resistant to torment.
Your stone body is resilient. (AC +4)
You are immune to poison.
You resist negative energy. (rN+)
You are resistant to electric shocks. (rElec)
You can survive without breathing.
You are immune to petrification.
You are immune to rotting.


Message History

The gnoll hits you from afar with a halberd.
* * * LOW HITPOINT WARNING * * *
The gnoll hits you from afar with a spear.
* * * LOW HITPOINT WARNING * * *
You feel better. The gnoll closely misses you. You block the gnoll's attack.
The gnoll hits you with a halberd.
* * * LOW HITPOINT WARNING * * *
You block the gnoll's attack.
There is an open door here.
You see here a gnoll corpse.
You thump the gnoll!
The gnoll is severely wounded.
The gnoll hits you but does no damage. You block the gnoll's attack.
You barely miss the gnoll.
The gnoll is severely wounded.
You block the gnoll's attack. The gnoll hits you with a halberd!
* * * LOW HITPOINT WARNING * * *
The gnoll hits you but does no damage. The gnoll barely misses you.
The gnoll hits you from afar with a halberd.
You die...

#.............. .. #####
#####.######.#. ..+...# #.#
#... .###.# #####÷# ##.. . #.#
#....)## #...
#.#.####+###......# #...
..###.#.##.....#......# #...
#..................#..#....†..
#####.#.##...@.###.####....##.
#.....####g### .... +.... ..
###...# #.g.# ##.####.... #.
#...# #§..# #.# #.... #. ....#
#...# #.# #.... ## ###..#
#§..# .# #.... #... #._.# ##.#
#§..# #####


You could see 2 gnolls.

Vanquished Creatures
  An orc priest (D:3)
  2 gnolls
  An adder (D:2)
  2 worms
  2 leopard geckos (D:2)
  3 orcs (D:3)
  4 giant cockroaches (D:2)
  4 goblins
  4 hobgoblins
  6 jackals (D:1)
  2 quokkas
  7 bats
  6 frilled lizards
  2 kobolds
  4 rats
50 creatures vanquished.

Notes
Turn   | Place    | Note
-------+----------+-------------------------------------------
     0 | D:1      | Kullungy the Gargoyle Fighter began the quest for the Orb.
     0 | D:1      | Reached XP level 1. HP: 14/14 MP: 1/1
    54 | D:1      | Reached XP level 2. HP: 7/19 MP: 2/2
   429 | D:1      | Reached XP level 3. HP: 23/23 MP: 3/3
  1408 | D:2      | Reached XP level 4. HP: 29/29 MP: 4/4
  1630 | D:3      | Found a radiant altar of Vehumet.
  1845 | D:3      | Found a basalt altar of Yredelemnul.
  1854 | D:3      | Reached XP level 5. HP: 7/33 MP: 5/5
  1858 | D:3      | HP: 1/33 [gnoll/halberd (7)]
  1860 | D:3      | Slain by a gnoll

Skill      XL: |  1  2  3  4 |
---------------+-------------+-----
Shields        | 4 |  4.1
Maces & Flails | 3 |  3.1
Armour         | 4 |  4.1
Fighting       | |  3.7
Dodging        | |  0.5

Action                   |  1- 3 |  4- 6 || total
-------------------------+-------+-------++-------
Melee: Flail             |   255 |    83 ||   338
  Use: Scroll            |     4 |       ||     4
       Potion            |       |     2 ||     2
  Eat: Bread ration      |     1 |     1 ||     2
Armor: Scale mail        |    78 |       ||    78
       Chain mail        |    77 |    55 ||   132
Dodge: Dodged            |   112 |    23 ||   135
Block: Shield            |   144 |    54 ||   198
